 Dungeon Crawl Stone Soup version 0.18-a0-1078-gebb93d0 (webtiles) character file.

61377 sugabear the Basher (level 15, -13/80 HPs)
             Began as a Vine Stalker Gladiator on Jan 14, 2016.
             Was the Champion of Qazlal.
             Mangled by an orc warlord
             ... wielding a +0 glaive
              (32 damage)
             ... on level 2 of the Orcish Mines.
             The game lasted 00:48:14 (18058 turns).

sugabear the Basher (Vine Stalker Gladiator)       Turns: 18058, Time: 00:48:15

Health: -13/80     AC: 23    Str: 27      XL:     15   Next: 2%
Magic:  0/23       EV: 19    Int:  6 (8)  God:    Qazlal [******]
Gold:   1762       SH:  8    Dex: 18      Spells: 0 memorised, 14 levels left

rFire  . . .     SeeInvis .     T - +3 great mace (venom)
rCold  + . .     Gourm    .     x - +1 chain mail {MR+}
rNeg   . . .     Faith    .     (shield currently unavailable)
rPois  .         Spirit   +     c - +0 helmet
rElec  +         Dismiss  .     i - +2 cloak
rCorr  .         Reflect  .     k - +0 pair of gloves
SustAt .         Harm     .     G - +0 pair of boots
MR     ++...                    B - amulet of regeneration
Stlth  ..........               u - ring "Wemam" {+Fly rElec rF- Str+4}
                                S - ring "Ahouko" {+Fly rF+ rC+ EV+3}

@: protected from physical damage, repel missiles, very resistant to hostile
enchantments, extremely unstealthy
A: fangs 3, regeneration 3, strong 1, magic shield, antimagic bite, no device
heal 3, rot immunity
a: Upheaval, Elemental Force, Disaster Area, Renounce Religion, Evoke Flight


You were on level 2 of the Orcish Mines.
You worshipped Qazlal.
Qazlal was exalted by your worship.
You were not hungry.

You visited 4 branches of the dungeon, and saw 21 of its levels.
You also visited: Bailey.

You collected 1936 gold pieces.
You spent 174 gold pieces at shops.

Inventory:

Hand Weapons
 a - a +3 morningstar of protection
 A - a +2 mace of holy wrath
 F - the +3 whip "Viruurab" {venom, Int+7 Dex+2}
   (You bought it in a shop on level 6 of the Dungeon)

   It poisons the flesh of those it strikes.
   It affects your intelligence (+7).
   It affects your dexterity (+2).
 T - a +3 great mace of venom (weapon)
Armour
 c - a +0 helmet (worn)
 i - a +2 cloak (worn)
 j - a +2 robe of cold resistance
 k - a +0 pair of gloves (worn)
 x - a +1 chain mail of magic resistance (worn)
 G - a +0 pair of boots (worn)
 L - a +0 scale mail of poison resistance
Jewellery
 d - an uncursed ring of positive energy
 p - an uncursed ring of protection from magic
 q - an uncursed ring of sustain attributes
 u - the ring "Wemam" (right hand) {+Fly rElec rF- Str+4}
   (You found it on level 3 of the Lair of Beasts)

   [ring of flight]

   It affects your strength (+4).
   It makes you vulnerable to fire.
   It insulates you from electricity.
   It lets you fly.
 z - a +4 ring of strength
 B - an amulet of regeneration (around neck)
 I - an uncursed ring of resist corrosion
 S - the ring "Ahouko" (left hand) {+Fly rF+ rC+ EV+3}
   (You found it on level 8 of the Lair of Beasts)

   [ring of evasion]

   It affects your evasion (+3).
   It protects you from fire.
   It protects you from cold.
   It lets you fly.
Wands
 t - a wand of polymorph (10/24)
 J - a wand of fire (8/15)
 P - a wand of disintegration (15/24)
 Q - a wand of magic darts (8/48)
Scrolls
 h - 9 scrolls of remove curse
 l - 3 scrolls of immolation
 r - a scroll of magic mapping
 v - 2 scrolls of recharging
 y - 3 scrolls of enchant armour
 D - a scroll of fear
 E - 6 scrolls of enchant weapon
 H - 12 scrolls of identify
 M - 5 scrolls of teleportation
 R - a scroll of summoning
 U - a scroll of fog
 V - a scroll of vulnerability {unknown}
 X - a scroll of acquirement
 Y - a scroll of silence {unknown}
Potions
 e - 12 potions of curing
 m - 6 potions of might
 n - a potion of agility
 o - 3 potions of haste
 s - a potion of cure mutation
 w - 4 potions of flight
 K - a potion of ambrosia
 W - 2 potions of beneficial mutation
 Z - a potion of berserk rage
Comestibles
 f - 17 bread rations
 g - 8 meat rations
 O - 23 fruits


   Skills:
 + Level 9.8 Fighting
 - Level 12.2 Maces & Flails
 + Level 3.6 Throwing
 + Level 10.1 Armour
 + Level 10.8 Dodging
 - Level 10.2 Invocations
 + Level 0.1 Evocations


You had 14 spell levels left.
You didn't know any spells.

Dungeon Overview and Level Annotations

Branches:
Dungeon (10/15)            Temple (1/1) D:4            Lair (8/8) D:10
 Shoals (0/4) Lair:6        Snake (0/4) Lair:3        Slime (0/6) Lair:8
    Orc (2/2) D:9             Elf (0/3) Orc:2

Altars:
Ashenzari
Cheibriados
Dithmenos
Elyvilon
Fedhas
Gozag
Kikubaaqudgha
Makhleb
Nemelex Xobeh
Okawaru
Pakellas
Qazlal
Ru
Sif Muna
Trog
Vehumet
Xom
Yredelemnul
Zin
The Shining One
Beogh

Shops:
D:6 (   D:8 %   D:10 :=   Orc:1 =:!=


Innate Abilities, Weirdness & Mutations

You have razor-sharp teeth.
You regenerate.
When hurt, damage is shared between your health and your magic reserves.
Your bite disrupts and absorbs the magic of your enemies.
Potions and wands cannot restore your health.
You are immune to rotting.
Your muscles are strong. (Str +2)


Message History

The orange demon barely misses you.
The orange demon is engulfed in roaring flames.
You kill the orange demon!
The orc warrior misses you. The warg bites you but does no damage.
Something hits you but does no damage.
The orc high priest hits you with a flail.
You hear a shout! x2
You barely miss the orc high priest. You bite the orc high priest.
You drain its power.
You feel invigorated.
The orc high priest is severely wounded.
You hear a shout!
The orc priest calls down the wrath of Beogh upon you.
Something smites you!
* * * LOW HITPOINT WARNING * * *
The warg bites you.
* * * LOW HITPOINT WARNING * * *
You feel more protected from physical attacks.
The orc warlord roars a battlecry!
The orc warlord hits you from afar with a glaive!!
You die...

......([.....# #.#
........(^[...### #.#
.......[(.(.....###.#
.......)[..#...$.##.#
..........$.o)..###.##
........$.oo[....#...##
.#......oToo.[.†#....#####
#$.....§o§o§o.[[.).......
#......(h@§§o)..[.#......
.........(.o.§...[.##
..... .........§.4§......#
...$
.........##.....#..... ...
.........###...##$..... ..
.........# ##.####.#.... .
.#........ ### ###....
..$...... ... .......


You could see an orc warlord, an orc high priest (frenzied), an orange demon, a
troll, a warg, 3 orc warriors, 3 orc priests, an orc wizard (frenzied) and 2
orcs.

Vanquished Creatures
  Rupert (Lair:5)
  Kirke (Lair:5)
  Maud (Lair:7)
  Snorg (Orc:2)
  Josephine (Lair:5)
  The ghost of ryw the Slinger, a journeyman DsMo of Qazlal (Lair:2)
  3 hydras
  4 death yaks (Lair:7)
  10 spriggans (Lair:8)
  An orange crystal statue (Lair:3)
  A hill giant (D:10)
  A lindwurm (Lair:4)
  3 oklob plants (Lair:8)
  A griffon (Lair:3)
  10 elephants
  8 black mambas
  A torpor snail (Lair:5)
  13 spiny frogs
  3 fire drakes
  8 komodo dragons
  A spriggan druid (Lair:8)
  The ghost of sugabear the Ducker, a novice VSGl (D:5)
  A troll (D:9)
  3 polar bears
  8 blink frogs
  A shadow (D:9)
  4 wraiths (Lair:5)
  45 yaks
  5 redbacks (Lair:8)
  10 hippogriffs
  3 basilisks
  4 hogs
  A hungry ghost (D:10)
  28 wolves
  4 nagas (Lair:3)
  2 wargs (Orc:2)
  10 water moccasins
  11 porcupines
  26 orc warriors
  A sky beast (D:8)
  7 black bears
  A phantom (D:9)
  An ice beast (Lair:1)
  A necrophage (D:7)
  4 ogres
  4 wasps (Lair:8)
  5 centaurs
  15 crocodiles
  2 big kobolds
  16 giant frogs
  Blork the orc (D:4)
  2 gnoll sergeants (D:10)
  2 scorpions
  9 wights
  A vampire bat (D:3)
  8 electric eels
  2 crimson imps
  2 giant frog zombies
  14 orc wizards
  2 gnoll shamans (D:10)
  13 orc priests
  3 centaur skeletons
  7 hounds
  3 jellies
  3 giant frog skeletons
  13 iguanas
  4 worker ants
  20 sheep
  A hound zombie (D:9)
  A hound skeleton (D:6)
  Robin (D:3)
  18 gnolls
  11 adders
  40 river rats
  2 shadow imps
  2 white imps (Lair:6)
  An adder zombie (D:9)
  4 adder skeletons
  3 worms
  3 fire bats (D:3)
  4 giant geckos
  63 orcs
  2 spectral bats (D:3)
  3 bat skeletons (D:3)
  A bat zombie (D:3)
  6 giant cockroaches
  39 goblins
  24 hobgoblins
  19 jackals
  11 kobolds
  3 quokkas
  3 ball pythons
  16 bats
  A bat simulacrum (D:3)
  A giant newt (D:3)
  4 goblin zombies (D:4)
  2 hobgoblin zombies (D:4)
  A kobold skeleton (D:4)
  2 kobold zombies (D:4)
  2 orc skeletons (D:4)
  An orc zombie (D:4)
  10 rats
  A spectral orc (D:7)
  4 bushes
  68 fungi
  44 plants
829 creatures vanquished.

Vanquished Creatures (collateral kills)
  An orc warlord (Bailey)
  An ice dragon (Lair:5)
  2 death yaks (Lair:7)
  2 elephants (Lair:5)
  An orc warrior (Bailey)
  A hobgoblin (Bailey)
8 creatures vanquished.

Vanquished Creatures (others)
  3 bushes (Lair:8)
  16 fungi
  12 plants
31 creatures vanquished.

Grand Total: 868 creatures vanquished

Notes
Turn   | Place    | Note
--------------------------------------------------------------
     0 | D:1      | sugabear the Vine Stalker Gladiator began the quest for the Orb.
     0 | D:1      | Reached XP level 1. HP: 11/11 MP: 2/2
   220 | D:1      | Reached XP level 2. HP: 12/15 MP: 3/3
   273 | D:1      | Reached skill level 3 in Maces & Flails
   571 | D:1      | Reached XP level 3. HP: 15/18 MP: 2/4
   609 | D:1      | Found a sparkling altar of Nemelex Xobeh.
  1108 | D:2      | Reached XP level 4. HP: 19/23 MP: 3/5
  1572 | D:3      | Reached skill level 1 in Armour
  1760 | D:3      | Found a snail-covered altar of Cheibriados.
  2157 | D:3      | Found a burning altar of Makhleb.
  2320 | D:3      | Reached XP level 5. HP: 23/26 MP: 6/6
  2372 | D:3      | Gained mutation: You heal very quickly. [Vine Stalker growth]
  2372 | D:3      | Reached XP level 6. HP: 32/32 MP: 7/7
  2613 | D:4      | Noticed Robin
  2619 | D:3      | Killed Robin
  2841 | D:4      | Reached skill level 4 in Maces & Flails
  2964 | D:4      | Found a glowing golden altar of the Shining One.
  3092 | D:4      | Found a staircase to the Ecumenical Temple.
  3146 | Temple   | Entered the Ecumenical Temple
  3162 | Temple   | Became a worshipper of Qazlal Stormbringer
  3379 | D:4      | Reached XP level 7. HP: 33/35 MP: 6/8
  3432 | D:4      | Noticed Blork the orc
  3481 | D:4      | Killed Blork the orc
  3481 | D:4      | Reached skill level 1 in Invocations
  3836 | D:5      | Entered Level 5 of the Dungeon
  3836 | D:5      | Found a shadowy altar of Dithmenos.
  3954 | D:5      | Noticed sugabear's ghost (novice VSGl)
  4073 | D:5      | Killed sugabear's ghost
  4073 | D:5      | Gained mutation: You have razor-sharp teeth. [Vine Stalker growth]
  4073 | D:5      | Reached XP level 8. HP: 35/40 MP: 8/10
  4271 | D:5      | Reached * piety under Qazlal
  4275 | D:5      | Reached skill level 5 in Maces & Flails
  4661 | D:6      | Found a radiant altar of Vehumet.
  4708 | D:6      | Reached skill level 5 in Dodging
  4728 | D:6      | Found Qeczeq's Antique Weapon Boutique.
  4747 | D:6      | Bought a polished whip for 142 gold pieces
  4747 | D:6      | Identified the +3 whip "Viruurab" {venom, Int+7 Dex+2} (You bought it in a shop on level 6 of the Dungeon)
  5383 | D:7      | Reached XP level 9. HP: 45/45 MP: 12/12
  5431 | D:7      | Reached ** piety under Qazlal
  5596 | D:7      | Reached skill level 6 in Maces & Flails
  5768 | D:7      | Found a basalt altar of Yredelemnul.
  5870 | D:7      | Reached skill level 5 in Armour
  5934 | D:8      | Found Zamol's Food Emporium.
  6334 | D:8      | Found a sacrificial altar of Ru.
  6505 | D:9      | Reached *** piety under Qazlal
  6649 | D:9      | Reached XP level 10. HP: 51/51 MP: 14/14
  6732 | D:9      | Reached skill level 5 in Invocations
  6840 | D:9      | Found a staircase to the Orcish Mines.
  6883 | D:9      | Found a shattered altar of Ashenzari.
  7156 | D:9      | Found a bloodstained altar of Trog.
  7476 | D:10     | Entered Level 10 of the Dungeon
  7541 | D:10     | Found Jewes's Jewellery Emporium.
  7578 | D:10     | Noticed a hill giant
  7597 | D:10     | Killed a hill giant
  7597 | D:10     | Reached skill level 5 in Fighting
  7597 | D:10     | Reached skill level 7 in Dodging
  7686 | D:10     | Found a flagged portal.
  7743 | Bailey   | Entered a bailey
  7762 | Bailey   | Reached **** piety under Qazlal
  7833 | Bailey   | Noticed an orc warlord
  7854 | Bailey   | Killed an orc warlord
  7876 | Bailey   | Reached XP level 11. HP: 39/56 MP: 14/16
  8067 | Bailey   | Gained mutation: Your muscles are strong. (Str +2) [potion of beneficial mutation]
  8203 | Bailey   | Got a pitted dagger
  8204 | Bailey   | Identified the cursed +0 dagger of Quegge {venom, MR- Str+2 SInv} (You found it in a bailey)
  8363 | D:10     | Found Idduv's Book Boutique.
  8375 | D:10     | Found a staircase to the Lair.
  8429 | D:10     | Reached ***** piety under Qazlal
  8860 | Lair:1   | Entered Level 1 of the Lair of Beasts
  9043 | Lair:1   | Reached skill level 8 in Dodging
  9981 | Lair:2   | Noticed ryw's ghost (journeyman DsMo)
 10027 | Lair:2   | Killed ryw's ghost
 10027 | Lair:2   | Gained mutation: You regenerate. [Vine Stalker growth]
 10027 | Lair:2   | Reached XP level 12. HP: 58/62 MP: 18/18
 10049 | Lair:2   | Noticed a four-headed hydra
 10054 | Lair:2   | Killed a four-headed hydra
 10117 | Lair:2   | Reached skill level 9 in Maces & Flails
 10170 | Lair:2   | Got a scorched falchion
 10171 | Lair:2   | Identified the +2 falchion of the Mind {antimagic, Int+3} (You found it on level 2 of the Lair of Beasts)
 10872 | Lair:3   | Found a staircase to the Snake Pit.
 12498 | Lair:5   | Noticed Kirke
 12518 | Lair:5   | Reached XP level 13. HP: 59/68 MP: 20/20
 12519 | Lair:5   | Noticed Rupert
 12568 | Lair:5   | Reached ****** piety under Qazlal
 12579 | Lair:5   | Killed Kirke
 12634 | Lair:5   | Noticed Josephine
 12645 | Lair:5   | Killed Josephine
 12653 | Lair:5   | Reached skill level 10 in Dodging
 12802 | Lair:5   | Killed Rupert
 13718 | Lair:5   | Reached skill level 10 in Maces & Flails
 13767 | Lair:6   | Noticed an ice dragon
 13822 | Lair:5   | Killed an ice dragon
 13974 | Lair:6   | Reached skill level 10 in Invocations
 14368 | Lair:6   | Found a staircase to the Shoals.
 14690 | Lair:7   | Reached XP level 14. HP: 57/74 MP: 18/22
 14990 | Lair:7   | Identified 2 scrolls of acquirement
 15577 | Lair:8   | Entered Level 8 of the Lair of Beasts
 15586 | Lair:8   | Reached skill level 11 in Maces & Flails
 15618 | Lair:8   | Noticed Maud
 15650 | Lair:7   | Killed Maud
 16043 | Lair:8   | Reached skill level 12 in Maces & Flails
 16173 | Lair:8   | Got a slimy jade ring
 16175 | Lair:8   | Identified the ring "Ahouko" {+Fly rF+ rC+ EV+3} (You found it on level 8 of the Lair of Beasts)
 16530 | Lair:8   | Found a staircase to the Slime Pits.
 16958 | Lair:3   | Got a crude wooden ring
 16960 | Lair:3   | Identified the ring "Wemam" {+Fly rElec rF- Str+4} (You found it on level 3 of the Lair of Beasts)
 16984 | Lair:3   | Identified the Disquisition on Evil Rites and the Compass (You found it on level 3 of the Lair of Beasts)
 17265 | Orc:1    | Entered Level 1 of the Orcish Mines
 17419 | Orc:1    | Found Todgh's Distillery.
 17471 | Orc:1    | Found Hocsuapung's Jewellery Shoppe.
 17499 | Orc:1    | Found Pibruwi's Book Boutique.
 17552 | Orc:1    | Found Zitaom's Jewellery Emporium.
 17563 | Orc:1    | Bought a cursed amulet of inaccuracy for 32 gold pieces
 17565 | Orc:1    | Found a roughly hewn altar of Beogh.
 17668 | Orc:2    | Entered Level 2 of the Orcish Mines
 17668 | Orc:2    | Found a staircase to the Elven Halls.
 17703 | Orc:2    | Noticed an orc warlord
 17728 | Orc:2    | Noticed Snorg
 17737 | Orc:2    | Killed Snorg
 17737 | Orc:2    | Reached skill level 10 in Armour
 17783 | Orc:2    | Reached XP level 15. HP: 43/80 MP: 12/23
 18058 | Orc:2    | Mangled by an orc warlord

Vault maps used:
D:1:      dpeg_arrival_rooms_a, nemelex_diamond_rough_becter
D:2:      first_bread
D:3:      cheibriados_altar_1, lightli_temple_of_fire, goddamned_bats
D:4:      minmay_temple_entry_statues_pillars, hex_large,
          nicolae_tso_besieged_by_evil, uniq_robin, uniq_blork_the_orc
D:5:      grunt_dithmenos_smoke
D:6:      fiery_altar_vehumet, serial_shops, nicolae_shop_overgrown_old_shop,
          grunt_decor_clamped, uniq_crazy_yiuf_cottage
D:7:      yredelemnul_forgotten_temple_becter
D:8:      nicolae_ru_the_path_less_chosen, serial_shops, nicolae_shop_crystal,
          blue_anna_alchemist
D:9:      minmay_curly_fans, old_standard_altar, nicolae_ashenzari_panopticon,
          orc_0_dummy, hangedman_abyss_or_decor_lesser_grid, stair_cage_open
D:10:     dpeg_oklobed_lair, enter_bailey_2, serial_shops, shop,
          serial_gnoll_camp, gnoll_camp_mini_shop, gnoll_camp_medium_01,
          gnoll_camp_mini_hut, gnoll_camp_mini_hut
Temple:   eino_temple_water_12
Lair:1:   serial_bayou_shore_b
Lair:2:   infiniplex_staircase_pool_2, wad_woods_river_01, serial_bayou_shore_b,
          serial_bayou_shore_a
Lair:3:   statuecave_lemuel, guppyfry_snake_entry_garden
Lair:4:   grunt_megastairs_2, lemuel_fruit_tree
Lair:5:   uniq_josephine, uniq_rupert, uniq_kirke
Lair:6:   elwin_shoals_entry_rocks, bobbens_ice_dragon_lair,
          infiniplex_staircase_pool
Lair:7:   st_stairs_8, grunt_megastairs_5
Lair:8:   minmay_lair_end_enchanted_forest, minmay_slime_entry_oklob_open,
          st_stairs_7, fungi_pond_lemuel, uniq_maud
Orc:1:    basic_altar, serial_shops, nicolae_shop_stone, shop, shop,
          nicolae_shop_crystal, uniq_snorg
Orc:2:    st_orc_mages, serial_shops, shop, shop, mines2_david
Bailey:   bailey_axe_minmay_hex_keep, bailey

Action                   |  1- 3 |  4- 6 |  7- 9 | 10-12 | 13-15 || total
-------------------------+-------+-------+-------+-------+-------++-------
Melee: Flail             |   100 |   251 |    44 |       |       ||   395
       Mace              |       |       |    51 |    50 |    19 ||   120
       Morningstar       |       |       |    52 |       |       ||    52
       Whip              |       |       |   138 |   748 |   435 ||  1321
       Dire flail        |       |       |    17 |       |       ||    17
       Great mace        |       |       |       |       |   303 ||   303
 Fire: Blowgun           |       |     2 |     5 |     4 |    13 ||    24
Throw: Throwing net      |       |       |     1 |     2 |     2 ||     5
Invok: Elemental Force   |       |       |       |     1 |     3 ||     4
       Upheaval          |       |       |       |       |     8 ||     8
       Disaster Area     |       |       |       |       |     1 ||     1
 Abil: Evoke Flight      |       |       |       |       |     1 ||     1
Evoke: Wand              |       |       |       |     1 |     4 ||     5
  Use: Potion            |       |       |       |    14 |       ||    14
       Scroll            |       |       |       |     9 |     9 ||    18
 Stab: Distracted        |       |       |       |       |     1 ||     1
  Eat: Chunk             |     1 |     7 |    11 |    14 |     8 ||    41
       Pizza             |       |       |       |     1 |       ||     1
       Fruit             |       |       |       |     3 |    10 ||    13
       Beef jerky        |       |       |       |     3 |     1 ||     4
